 Dungeon Crawl Stone Soup version 0.25-a0-166-g16436c4407 (webtiles) character file.

Game seed: 1368737695263594310, levelgen mode: deterministic

401 D1HalberdGnoll the Firebug (level 6, -5/51 HPs)
             Began as a Draconian Fire Elementalist on Nov 23, 2019.
             Was an Initiate of Vehumet.
             Killed from afar by a slave (46 damage)
             ... with an exploding inner flame
             ... led by Pikel
             ... hexed by the player character
             ... on level 4 of the Dungeon.
             The game lasted 00:06:49 (4985 turns).

D1HalberdGnoll the Firebug (DrFE)                   Turns: 4985, Time: 00:06:50

Health: -5/51      AC: 12    Str:  8 (10) XL:     6   Next: 54%
Magic:  10/10      EV: 12    Int: 15 (18) God:    Vehumet [......]
Gold:   209        SH:  0    Dex:  9 (11) Spells: 7/11 levels left

rFire    . . .     SeeInvis .   v - +0 mace (crush)
rCold    . . .     Gourm    .   (no shield)
rNeg     . . .     Faith    .   (armour unavailable)
rPois    .         Spirit   .   (helmet restricted)
rElec    .         Reflect  .   (no cloak)
rCorr    .         Harm     .   m - +1 pair of gloves
MR       .....                  (no boots)
Stlth    ++........             (no amulet)
HPRegen  0.17/turn              g - +4 ring of protection
MPRegen  0.12/turn              (no ring)

@: no status effects
A: unfitting armour, cold-blooded, AC +6
a: Renounce Religion


You were on level 4 of the Dungeon.
You worshipped Vehumet.
Vehumet was noncommittal.
You were not hungry.

You visited 2 branches of the dungeon, and saw 5 of its levels.

You collected 209 gold pieces.

Inventory:

Hand Weapons
 v - a +0 mace of crushing (weapon)
Missiles
 d - 24 poisoned darts (quivered)
Armour
 m - a +1 pair of gloves (worn)
Jewellery
 g - a +4 ring of protection (left hand)
Wands
 l - a wand of polymorph (6)
 q - a wand of scattershot (4)
Scrolls
 h - a scroll of amnesia
 n - a scroll of enchant armour
 o - 2 scrolls of identify
Potions
 e - a potion of cancellation {unknown}
 i - 2 potions of agility
 k - a potion of magic {unknown}
 p - a potion of invisibility {unknown}
 r - a potion of flight {unknown}
 t - a potion of curing
Comestibles
 b - 7 rations


   Skills:
 + Level 3.0 Fighting
 - Level 1.7 Dodging
 - Level 1.7 Stealth
 + Level 3.2 Spellcasting
 * Level 4.2 Conjurations
 + Level 4.3 Fire Magic


You had 7 spell levels left.
You knew the following spells:

 Your Spells              Type           Power        Failure   Level  Hunger
a - Flame Tongue          Conj/Fire      ###..        3%          1    #......
b - Conjure Flame         Conj/Fire      ###.....     10%         3    ###....

Your spell library contained the following spells:

 Spells                   Type           Power        Failure   Level  Hunger
 Throw Flame              Conj/Fire      ###...       4%          2    ##.....
 Corona                   Hex            #......      21%         1    #......
 Dazzling Spray           Conj/Hex       #.....       24%         3    ###....
 Inner Flame              Hex/Fire       #.......     24%         3    ###....
 Ensorcelled Hibernation  Hex/Ice        #.....       30%         2    ##.....
 Sticky Flame             Conj/Fire      ###.....     32%         4    #####..
 Confuse                  Hex            #.......     52%         3    ###....
 Tukima's Dance           Hex            #.......     52%         3    ###....
 Fireball                 Conj/Fire      ###.......   67%         5    ######.


Dungeon Overview and Level Annotations

Branches:
Dungeon (4/15)             Temple (1/1) D:4

Altars:
Ashenzari
Cheibriados
Elyvilon
Fedhas
Makhleb
Qazlal
Ru
Vehumet
Wu Jian
Yredelemnul
Zin


Innate Abilities, Weirdness & Mutations

Your plain brown scales are hard. (AC +6)
You cannot fit into any form of body armour.
You are cold-blooded and may be slowed by cold attacks.


Message History

You feel less invigorated.
You feel less confused. Pikel misses you.
The slave hits you but does no damage. x2
You hit Pikel but do no damage. You tail-slap Pikel.
Pikel the yak explodes!
The fiery explosion engulfs the scorpion!!!
The scorpion explodes!
The fiery explosion engulfs the slave!
The slave is heavily wounded.
The fiery explosion engulfs the slave!!
The slave is almost dead.
The fiery explosion engulfs the frilled lizard!!
You kill the frilled lizard!
Vehumet accepts your kill. x2
Your Fighting skill increases to level 3!
The fiery explosion engulfs the slave!!
The slave explodes!
The fiery explosion engulfs you!!!
Ouch! That really hurt!
You die...

### ##@#### #§§pp.#####
.#§p§......#### .#
...§§§..........# ..#
.................## ...
.##...............##...
#...............#....
#........(.##....#....
...........##.........


You could see 3 slaves.

Vanquished Creatures
  3 scorpions (D:4)
  An orc priest (D:4)
  A bullfrog skeleton (D:4)
  An orc wizard (D:4)
  A hound skeleton (D:4)
  Robin (D:3)
  6 adders
  2 oozes
  A worm (D:2)
  2 dart slugs (D:3)
  2 leopard geckos
  2 orcs
  2 ball pythons
  7 bats
  5 giant cockroaches
  9 hobgoblins
  A quokka (D:4)
  9 frilled lizards
  14 goblins
  7 kobolds
  8 rats
85 creatures vanquished.

Notes
Turn   | Place    | Note
-------+----------+-------------------------------------------
     0 | D:1      | D1HalberdGnoll the Draconian Fire Elementalist began the
                  | quest for the Orb.
     0 | D:1      | Reached XP level 1. HP: 14/14 MP: 3/3
   340 | D:1      | Reached XP level 2. HP: 22/22 MP: 3/5
   482 | D:1      | Reached skill level 1 in Fighting
  1457 | D:2      | Reached XP level 3. HP: 28/28 MP: 1/6
  2562 | D:3      | Noticed a hungry ghost
  2729 | D:3      | Reached XP level 4. HP: 35/35 MP: 4/7
  2955 | D:3      | Noticed Robin
  2971 | D:3      | Killed Robin
  3178 | D:3      | Learned a level 3 spell: Conjure Flame
  3836 | D:3      | Reached XP level 5. HP: 10/41 MP: 6/9
  4145 | D:4      | Found a staircase to the Ecumenical Temple.
  4164 | Temple   | Entered the Ecumenical Temple
  4383 | Temple   | Became a worshipper of Vehumet
  4640 | D:4      | Found a basalt altar of Yredelemnul.
  4703 | D:4      | Reached XP level 6. HP: 48/50 MP: 3/10
  4959 | D:4      | Noticed Pikel
  4967 | D:4      | Noticed a slave
  4968 | D:4      | Noticed a slave
  4970 | D:4      | Noticed a slave
  4972 | D:4      | Noticed a slave
  4975 | D:4      | Noticed Pikel
  4975 | D:4      | Pikel changed into Pikel the yak
  4985 | D:4      | Killed Pikel the yak
  4985 | D:4      | Killed a slave
  4985 | D:4      | Killed from afar by a slave

Levels and vault maps discovered:
D:1:      psy_arrival_spokes, layout_basic, skrybe_limestone_x
D:2:      minmay_skewed_foursquare, layout_rooms, serial_co_window_serial,
          co_window_corner_a, co_window_corner_a, co_window_corner_a,
          co_window_corner_a, co_window_paths_a, co_window_broadway_b,
          co_window_of_opportunity_c, co_window_broadway_b,
          co_window_of_opportunity_c, co_window_corner_b
D:3:      layout_loops_ring, uniq_robin
D:4:      layout_cave_pools, yredelemnul_altar_generic, lemuel_round_altar,
          minmay_temple_entry_offerings, first_ration, uniq_pikel
Temple:   jpeg_temple_alley_garden

Skill      XL: |  1  2  3  4  5  6 |
---------------+-------------------+-----
Fighting       | 1 2 3 |  3.0
Conjurations   | 2 3 4 |  4.2
Spellcasting   | 3 |  3.2
Fire Magic     | 4 |  4.3
Dodging        | |  1.7
Stealth        | |  1.7

Action                   |  1- 3 |  4- 6 || total
-------------------------+-------+-------++-------
Melee: Unarmed           |     8 |       ||     8
       Mace              |    25 |    43 ||    68
       Tailslap          |     2 |     4 ||     6
Throw: Dart              |     1 |    19 ||    20
 Cast: Flame Tongue      |    68 |    60 ||   128
Evoke: Wand              |       |     3 ||     3
  Use: Scroll            |       |     9 ||     9
       Potion            |       |     3 ||     3
  Eat: Chunk             |     5 |     1 ||     6
       Ration            |     2 |     2 ||     4
Armor: Skin              |    18 |    35 ||    53
Dodge: Dodged            |    38 |    73 ||   111

Table legend:
 A = Non-vault XP
 B = Vault XP
 C = Vault XP percentage of total XP
 D = Non-vault monster count
 E = Vault monster count
 F = Vault count percentage of total count
                 A         B        C        D         E       F
            +---------+---------+-------+---------+---------+-------
      Total |     522 |      52 |   9.1 |      71 |      14 |  16.5
            +---------+---------+-------+---------+---------+-------
        D:1 |      36 |       0 |   0.0 |      20 |       0 |   0.0
        D:2 |      31 |      17 |  35.4 |      16 |       3 |  15.8
        D:3 |      87 |      35 |  28.7 |      21 |      11 |  34.4
        D:4 |     368 |       0 |   0.0 |      14 |       0 |   0.0
            +---------+---------+-------+---------+---------+-------
